 Dungeon Crawl Stone Soup version 0.31-a0-833-gc15d34cb79 (webtiles) character file.

Game seed: 8532682215991934835

6 Kurtz the Shield-Bearer (level 1, 15/16 HPs)
             Began as an Octopode Fighter on Sept 25, 2023.
             Was a High Priest of Ignis.
             Quit the game on level 1 of the Dungeon.
             The game lasted 00:01:36 (104 turns).

Kurtz the Shield-Bearer (Octopode Fighter)           Turns: 104, Time: 00:01:36

Health: 15/16      AC:  1    Str: 15    XL:     1   Next: 90%
Magic:  1/1        EV: 13    Int: 10    God:    Ignis [*****.]
Gold:   2          SH:  4    Dex: 11    Spells: 0/0 levels left

rFire   + . .        a - +0 war axe
rCold   . . .        b - +0 buckler
rNeg    . . .        (helmet restricted)
rPois   .            (no amulet)
rElec   .            (no ring)
rCorr   .            (no ring)
SInv    .            (no ring)
Will    .....        (no ring)
Stlth   ++           (no ring)
HPRegen 0.22/turn    (no ring)
MPRegen 0.07/turn    (no ring)
                     (no ring)

%: no passive effects
@: no status effects
A: almost no armour, amphibious, 8 rings, camouflage 1, gelatinous body 1,
(nimble swimmer 1), tentacles
a: Renounce Religion, Fiery Armour, Foxfire Swarm, Rising Flame


You were on level 1 of the Dungeon.
You worshipped Ignis.
Ignis was extremely pleased with you.
You visited 1 branch of the dungeon, and saw 1 of its levels.

You collected 2 gold pieces.

Inventory:

Hand Weapons
 a - a +0 war axe (weapon)
Armour
 b - a +0 buckler (worn)
Scrolls
 d - a scroll of vulnerability {unknown}
Potions
 c - a potion of might


   Skills:
 - Level 3.0 Fighting
 * Level 2.6 Axes
 - Level 3.0 Dodging
 - Level 3.0 Shields


You couldn't memorise any spells.
You didn't know any spells.
Your spell library was empty.

Dungeon Overview and Level Annotations

Branches:
Dungeon (1/15)

Altars:
Ignis


Innate Abilities, Weirdness & Mutations

You cannot wear most types of armour.
You are amphibious.
You can wear up to eight rings at the same time.
Your skin changes colour to match your surroundings (Stealth+).
Your rubbery body absorbs attacks. (AC +1, EV +1)
((You are camouflaged when in or above water. (Stealth+)))
You have tentacles for arms and can constrict up to eight enemies at once.


Message History

Ignis welcomes you!
Okay, then.
Annotate which branch? (. - D:1, ? - help, ! - show branch list)
Okay, then.
d - a scroll labelled QICECY HITUK
Found a stone staircase leading down.
A goblin and a ball python come into view.
The goblin shouts!
The ball python hisses angrily.
The goblin closely misses you.
You closely miss the goblin. Your grab misses the goblin.
You squeeze the goblin.
You kill the goblin!
You hit the ball python.
You kill the ball python!
A rat comes into view.
You hit the rat.
You kill the rat!
No target in view!
No target in view!
You see here a rat corpse.
Found a beast talisman.
A rat comes into view.
A rat is nearby!
The rat bites you.
You barely miss the rat. Your grab misses the rat. You squeeze the rat.
You kill the rat!
Okay, then.
Nothing quivered!
Nothing quivered!
Okay, then.
Unknown command.
Nothing quivered!
Okay, then.
Unknown command.
Are you sure you want to abandon this character and quit the game? (Confirm with "yes".)
Okay, then.
Welcome back, Kurtz the Octopode Fighter.
The flames of Ignis gently warm you.
Press ? for a list of commands and other information.
Are you sure you want to abandon this character and quit the game? (Confirm with "yes".)

######.# #......+
#...)..###......#
♣..#....†........#
###>#...........
##+#.........##
#.............#
#.............#
#.........#...#
#...@.....#...#
#...†.....# ...
#.........#
#...####### #...
#... .... .#.##


There were no monsters in sight!

Vanquished Creatures
  2 goblins (D:1)
  A ball python (D:1)
  A kobold (D:1)
  3 rats (D:1)
7 creatures vanquished.

Notes
Turn   | Place    | Note
-------+----------+-------------------------------------------
     0 | D:1      | Kurtz the Octopode Fighter began the quest for the Orb.
     0 | D:1      | Reached XP level 1. HP: 16/16 MP: 1/1
    44 | D:1      | Found a faded altar of an unknown god.
    54 | D:1      | Prayed at the altar of an unknown god.
    54 | D:1      | Became a worshipper of Ignis, the Dying Flame
   104 | D:1      | Upgraded the game from 0.31-a0-819-gf6de2f5ab6 to
                  | 0.31-a0-833-gc15d34cb79
   104 | D:1      | Quit the game

Illustrated notes

Levels and vault maps discovered:
D:1:      orjb1_clovarrival, layout_basic, ebering_ecumenical_altar_sacrificial

Action                     || total
---------------------------++-------
  Melee: War axe           ||    11
         Tentacles         ||     2
         Constrict         ||     1
   Stab: Sleeping          ||     1
 Armour: Skin              ||     4
  Dodge: Dodged            ||     2
  Block: Buckler           ||     4

Table legend: (Time is in decaauts)
 A = Elapsed time spent in this place.
 B = Non-inter-level travel time spent in this place.
 C = Inter-level travel time spent in this place.
 D = Time resting spent in this place.
 E = Time spent auto-exploring this place.
 F = Levels seen in this place.
 G = Mean time per level.
                   A        B        C        D        E       F      G
               +--------+--------+--------+--------+--------+-----+--------+
         Total |    109 |    109 |      0 |      0 |     62 |   1 |  109.0 |
       Dungeon |    109 |    109 |      0 |      0 |     62 |   1 |  109.0 |
               +--------+--------+--------+--------+--------+-----+--------+

Top non-repeatable levels by time:
     D:1: 109 daAuts
